 Dungeon Crawl Stone Soup version 0.28.0-53-g5a82cb258f (webtiles) character file.

Game seed: 11122004397984583179

63 styxcanada the Sneak (level 3, -3/18 HPs)
             Began as a Spriggan Brigand on Aug 17, 2022.
             Was an Initiate of Gozag.
             Killed from afar by a white imp (8 damage)
             ... with a puff of frost
             ... summoned by Natasha
             ... on level 2 of the Dungeon.
             The game lasted 00:06:07 (2642 turns).

styxcanada the Sneak (Spriggan Brigand)             Turns: 2642, Time: 00:06:08

Health: -3/18      AC:  3    Str:  7    XL:     3   Next: 89%
Magic:  13/13      EV: 16    Int: 12    God:    Gozag
Gold:   81         SH:  0    Dex: 18    Spells: 2/2 levels left

rFire   . . .      SeeInvis +   a - +2 dagger
rCold   . . .      Faith    .   (no shield)
rNeg    . . .      Spirit   .   b - +0 robe
rPois   .          Reflect  .   (helmet restricted)
rElec   .          Harm     .   c - +0 cloak
rCorr   .          Rampage  .   (gloves unavailable)
Will    .....                   (boots unavailable)
Stlth   ++++......              (no amulet)
HPRegen 0.06/turn               h - ring of magical power
MPRegen 0.13/turn               (no ring)

@: slowed, quick
A: very small, no large weapons, unfitting armour, see invisible, speed 3
a: Renounce Religion, Potion Petition, Call Merchant, Bribe Branch


You were on level 2 of the Dungeon.
You worshipped Gozag.
Gozag was noncommittal.
You visited 1 branch of the dungeon, and saw 2 of its levels.

You collected 87 gold pieces.
You paid 6 gold pieces to Gozag.

Inventory:

Hand Weapons
 a - a +2 dagger (weapon)
Missiles
 d - 7 poisoned darts (quivered)
 e - 2 curare-tipped darts
 f - 24 stones
Armour
 b - a +0 robe (worn)
 c - a +0 cloak (worn)
Jewellery
 h - a ring of magical power (left hand)
Scrolls
 g - a scroll of vulnerability {unknown}
 l - a scroll of identify {unknown}
Potions
 i - a potion of brilliance {unknown}
 j - a potion of heal wounds {unknown}
 k - a potion of lignification {unknown}


   Skills:
 + Level 1.7 Fighting
 + Level 2.9 Short Blades
 + Level 2.2 Throwing
 + Level 1.6 Dodging
 + Level 7.6 Stealth


You had 2 spell levels left.
You didn't know any spells.
Your spell library contained the following spells:

 Spells                   Type           Power      Damage    Failure   Level
 Portal Projectile        Hex/Tloc       0%         N/A       69%         3
 Dispersal                Tloc           0%         N/A       100%        6
 Disjunction              Tloc           0%         N/A       100%        8


Dungeon Overview and Level Annotations

Branches:
Dungeon (2/15)

Altars:
Gozag

Shops:
D:1 (

Annotations:
D:2 Natasha


Innate Abilities, Weirdness & Mutations

You are very small and have problems with some larger weapons.
You are too small for most types of armour.
You have supernaturally acute eyesight. (SInv)
You cover ground extremely quickly. (Speed+++)


Message History

Natasha closely misses you. The crimson imp misses you.
You closely miss Natasha.
Natasha is almost dead.
Natasha stares at you and mumbles some strange words.
You feel yourself slow down. The crimson imp misses you.
You hit Natasha but do no damage.
Natasha is almost dead.
Natasha casts a spell.
The crimson imp hits you but does no damage.
Unknown command.
You hit Natasha.
Natasha is almost dead.
Natasha casts a spell.
The crimson imp hits you.
You hit Natasha but do no damage.
Natasha is almost dead.
Natasha claws you but does no damage. The crimson imp barely misses you.
The white imp gestures at you. The puff of frost hits you!
Natasha wildly gestures.
You feel disoriented.
Natasha stares at you and mumbles some strange words.
You resist with some effort.
Throw: 8 darts (poison)
Press: ? - help, Q - select action, (/) - cycle Shift-Dir - straight line, f/p - Natasha
Aim: Natasha (almost dead, 55% to hit)
You throw a poisoned dart.
The poisoned dart barely misses the crimson imp.
The poisoned dart closely misses Natasha.
The crimson imp misses you.
Natasha hisses.
The crimson imp hits you.
* * * LOW HITPOINT WARNING * * *
The shadow imp disappears in a puff of smoke!
The crimson imp blinks!
The white imp laughs crazily.
The white imp gestures at you. The puff of frost hits you!
You die...
Your body crumbles into a pile of gold.

♣.♣.# #.##.# #. .P..##
#.#♣.♣#♣###. P.♣..## #.##.....##.
..♣♣P.## #..♣.♣#♣.##.
.P♣♣PP.###############....##..##.
...♣P♣P.................♣.♣......
.P♣...##.............#....#####..
...P..##......#####.......## #..
.#.#..##..###...@..........# ###
(.....h...5....####........#
.###..##..###.#####..#.....#
.###..##..###........#..#..#
...#..........#####.##..#..#
...#.###..###.# #.##..#..##
_....###..###.#####.##..#...#####
........................#.#......
...#####............#............


You could see a white imp (summoned).

Vanquished Creatures
  Natasha (D:2)
  A dart slug (D:1)
  2 bats
  4 endoplasms (D:2)
  4 giant cockroaches
  4 goblins
  4 hobgoblins
  2 kobolds
  A quokka (D:1)
  3 ball pythons
  3 frilled lizards
  5 rats
34 creatures vanquished.

Vanquished Creatures (others)
  5 plants (D:2)
5 creatures vanquished.

Grand Total: 39 creatures vanquished

Notes
Turn   | Place    | Note
-------+----------+-------------------------------------------
     0 | D:1      | styxcanada the Spriggan Brigand began the quest for the
                  | Orb.
     0 | D:1      | Reached XP level 1. HP: 10/10 MP: 2/2
    62 | D:1      | Found a faded altar of an unknown god.
    76 | D:1      | Reached skill level 6 in Stealth
   452 | D:1      | Found Semmuso's Weapon Emporium.
   599 | D:1      | Reached XP level 2. HP: 14/14 MP: 3/3
  1582 | D:2      | Reached XP level 3. HP: 18/18 MP: 4/4
  1691 | D:2      | Found an opulent altar of Gozag.
  1698 | D:2      | Became a worshipper of Gozag Ym Sagoz the Greedy
  1710 | D:2      | Reached skill level 7 in Stealth
  1745 | D:2      | Got the Incunabulum of the Traveller
  2018 | D:2      | Noticed Natasha
  2021 | D:2      | Killed Natasha
  2059 | D:2      | Noticed Natasha
  2642 | D:2      | Killed from afar by a white imp

Illustrated notes

Levels and vault maps discovered:
D:1:      dpeg_arrival_water_temple_mockup, layout_loops_corners, serial_shops,
          nicolae_shop_bloodbath_and_beyond,
          shapermc_ecumenical_altar_starsandcircs
D:2:      layout_loops_ring, basic_altar, serial_forest,
          infiniplex_forest_clump_double, infiniplex_forest_end_3,
          infiniplex_forest_lined_3_way, infiniplex_forest_straight_2,
          infiniplex_forest_clump_double, infiniplex_forest_straight_1,
          infiniplex_forest_lined_1, uniq_natasha

Skill      XL: |  1  2  3 |
---------------+----------+-----
Stealth        | 6 7 |  7.6
Fighting       | |  1.7
Short Blades   | |  2.9
Throwing       | |  2.2
Dodging        | |  1.6

Action                   || total
-------------------------++-------
Melee: Dagger            ||    95
       Punch             ||     4
Throw: Dart              ||    14
 Stab: Sleeping          ||    20
Armor: Robe              ||    10
Dodge: Dodged            ||    47
